 Dungeon Crawl Stone Soup version 0.30-a0-1066-g63dfefce0d (webtiles) character file.

Game seed: 4310395573359265349

795 Newt the Cudgeller (level 7, 0/54 HPs)
             Began as a Demonspawn Gladiator on Apr 12, 2023.
             Slain by a kobold brigand
             ... wielding a +0 short sword
              (7 damage)
             ... in a sewer.
             The game lasted 00:05:37 (4456 turns).

Newt the Cudgeller (Demonspawn Gladiator)           Turns: 4456, Time: 00:05:37

Health: 0/54       AC: 16    Str: 16      XL:     7   Next: 58%
Magic:  7/7        EV:  8    Int:  9      God:
Gold:   148        SH:  0    Dex: 12 (15) Spells: 6/6 levels left

rFire   . . .      SeeInvis .    z - +2 mace (venom)
rCold   . . .      Faith    .    (no shield)
rNeg    . . .      Spirit   .    r - +0 chain mail
rPois   .          Reflect  .    c - +0 helmet
rElec   .          Rampage  .    l - +0 cloak
rCorr   .                        (no gloves)
Will    .....                    x - +0 pair of boots Stlth
                                 (no amulet)
HPRegen 0.29/turn                f - +4 ring of protection
MPRegen 0.10/turn                n - ring of flight

@: flying
A: claws 2, weakness stinger 2
a: no special abilities


You were in a sewer.
You visited 1 branch of the dungeon, and saw 5 of its levels.
You also visited: Sewer.

You collected 148 gold pieces.

Inventory:

Hand Weapons
 a - a +0 rapier of protection
 q - a +1 dagger of speed
 z - a +2 mace of venom (weapon)
Missiles
 d - 3 throwing nets (quivered)
 v - 3 poisoned darts
 y - a boomerang of dispersal
Armour
 b - a +0 leather armour
 c - a +0 helmet (worn)
 l - a +0 cloak (worn)
 r - a +0 chain mail (worn)
 x - a +0 pair of boots (worn)
Jewellery
 f - a +4 ring of protection (left claw)
 i - an amulet of faith
 n - a ring of flight (right claw)
 w - a ring of willpower
Wands
 g - a wand of polymorph (8)
 k - a wand of iceblast (6)
Scrolls
 o - 3 scrolls of teleportation
Potions
 h - a potion of brilliance {unknown}
 j - a potion of cancellation
 m - a potion of mutation {unknown}
 p - 2 potions of lignification {unknown}
 s - a potion of ambrosia {unknown}
 t - a potion of degeneration {unknown}
 u - a potion of invisibility


   Skills:
 - Level 4.0 Fighting
 - Level 2.9 Short Blades
 + Level 4.4 Maces & Flails
 - Level 1.7 Throwing
 - Level 4.0 Armour
 - Level 4.0 Dodging


You had 6 spell levels left.
You didn't know any spells.
Your spell library contained the following spells:

 Spells                   Type           Power      Damage    Failure   Level
 Dazzling Flash           Conj/Hex       0%         N/A       100%        3
 Volatile Blastmotes      Fire/Tloc      0%         2d10      100%        3
 Iskenderun's Mystic Bla  Conj/Tloc      0%         2d3       100%        4
 Starburst                Conj/Fire      0%         6d3       100%        6


Dungeon Overview and Level Annotations

Branches:
Dungeon (5/15)              Sewer (1/1)
 Temple: D:4-7

Altars:

Annotations:
Sewer Grinder


Innate Abilities, Weirdness & Mutations

You have very sharp fingernails.
You have a tail ending in a sharp stinger.


Message History

The kobold brigand hits you but does no damage.
The ball python bites you. The ball python constricts you.
The kobold hits you with a +0 short sword.
You sock the kobold brigand!
The kobold brigand is poisoned.
Your tail-slap misses the kobold brigand.
The kobold brigand is severely wounded.
The quasit bites you but does no damage.
The quasit claws you.
* * * LOW HITPOINT WARNING * * *
The quasit claws you but does no damage.
The ball python bites you but does no damage.
The ball python constricts you. The kobold brigand barely misses you.
The kobold hits you but does no damage.
The ball python's grasp on you weakens, but your attempt to escape fails.
The quasit bites you but does no damage.
The quasit claws you but does no damage.
The quasit claws you.
* * * LOW HITPOINT WARNING * * *
The ball python bites you but does no damage.
The ball python constricts you.
The kobold brigand hits you with a +0 short sword.
* * * LOW HITPOINT WARNING * * *
The kobold hits you but does no damage.
The quasit bites you but does no damage.
The quasit claws you but does no damage. x2
You escape the ball python's grasp.
The kobold attacks as you move away! The kobold hits you but does no damage.
The ball python bites you but does no damage.
The ball python grabs you. The ball python constricts you.
The kobold brigand hits you with a +0 short sword.
* * * LOW HITPOINT WARNING * * *
The quasit bites you but does no damage.
The quasit claws you but does no damage. x2
Things that are here:
a +0 short sword; a kobold corpse You escape the ball python's grasp.
The kobold brigand barely misses you.
Unknown command.
The kobold brigand attacks as you move away!
The kobold brigand hits you with a +0 short sword!
You die...

# ≈≈≈≈≈≈≈≈..'.~~# #
≈≈≈≈≈≈≈~~.#))≈# #
≈≈≈≈≈≈≈≈).#.~≈# #
≈≈≈≈≈≈≈≈≈)#.~~# #
≈≈≈≈≈~≈~).#.≈≈# #
≈≈≈≈≈≈~...#..~# . #
~≈###≈#.####.## .§.
......).≈~#K..#.....
.......≈≈≈@5SK5.§._.
.......)≈≈#K).#.....
~##≈###.####.## .§.
≈≈≈ ≈~.. .~≈# .
≈≈≈≈≈≈≈≈. .~≈#
≈≈≈≈≈≈≈≈~ #.~~#
≈≈≈≈≈~ #..≈# ≈≈≈≈≈≈
#..≈#


You could see Grinder, a kobold brigand (very poisoned), a quasit, a ball python
and 2 kobolds.

Vanquished Creatures
  Edmund (D:5)
  An ogre (D:5)
  A quasit (Sewer)
  A jelly (D:5)
  2 hounds
  An orc priest (D:4)
  A gnoll bouda (D:4)
  3 iguanas
  Natasha (thrice) (D:2)
  An orc wizard (D:4)
  5 gnolls (D:4)
  5 adders
  A shadow imp (Sewer)
  3 ufetubi (Sewer)
  3 worms
  4 dart slugs
  2 orcs (D:4)
  6 endoplasms
  5 giant cockroaches
  10 goblins
  10 hobgoblins
  23 kobolds
  5 ball pythons
  8 bats
  4 frilled lizards
  A giant cockroach zombie (Sewer)
  2 kobold zombies (Sewer)
  7 rats
119 creatures vanquished.

Vanquished Creatures (others)
  An endoplasm (Sewer)
  A demonic plant (D:2)
  A fungus (D:2)
  A plant (D:2)
  2 withered plants (D:2)
6 creatures vanquished.

Grand Total: 125 creatures vanquished

Notes
Turn   | Place    | Note
-------+----------+-------------------------------------------
     0 | D:1      | Newt the Demonspawn Gladiator began the quest for the Orb.
     0 | D:1      | Reached XP level 1. HP: 16/16 MP: 1/1
   253 | D:1      | Discovered your monstrous ancestry.
   253 | D:1      | Gained mutation: You have a small tail. [demonic ancestry]
   253 | D:1      | Reached XP level 2. HP: 22/23 MP: 2/2
   870 | D:2      | Gained mutation: You have a tail ending in a sharp stinger.
                  | [demonic ancestry]
   870 | D:2      | Reached XP level 3. HP: 28/29 MP: 3/3
  1130 | D:2      | Found a faded altar of an unknown god.
  1266 | D:2      | Noticed Natasha
  1274 | D:2      | Killed Natasha
  1275 | D:2      | Gained mutation: You have sharp fingernails. [demonic
                  | ancestry]
  1275 | D:2      | Reached XP level 4. HP: 31/37 MP: 4/4
  1307 | D:2      | Noticed Natasha
  1318 | D:2      | Killed Natasha
  1322 | D:2      | HP: 1/37 [rat (1)]
  1509 | D:2      | Noticed Natasha
  1526 | D:2      | Killed Natasha
  1995 | D:2      | Gained mutation: You have very sharp fingernails. [demonic
                  | ancestry]
  1995 | D:2      | Reached XP level 5. HP: 31/42 MP: 5/5
  2280 | D:3      | Reached skill level 1 in Armour
  3248 | D:4      | Reached XP level 6. HP: 34/48 MP: 6/6
  3924 | D:4      | Identified the +0 flail of Vojut {speed, +Blink Int+4}
  4127 | D:5      | Entered Level 5 of the Dungeon
  4138 | D:5      | Reached skill level 1 in Maces & Flails
  4242 | D:5      | Noticed Edmund
  4243 | D:5      | Found a glowing drain.
  4256 | D:5      | Killed Edmund
  4257 | D:5      | Reached XP level 7. HP: 29/54 MP: 7/7
  4283 | Sewer    | Entered a sewer
  4445 | Sewer    | Found a burning altar of Makhleb.
  4451 | Sewer    | Noticed Grinder
  4456 | Sewer    | Slain by a kobold brigand

Illustrated notes

Levels and vault maps discovered:
D:1:      kennysheep_arrival_seaside, layout_basic
D:2:      wander_river, layout_loops_ring, shapermc_ecumenical_altar_gd,
          uniq_natasha
D:3:      layout_basic, dreamdust_divine_triumvirate, minmay_pentomino_pile
D:4:      layout_basic
D:5:      layout_gridville, mainiacjoe_overflow_alcove_4,
          cheibrodos_sewer_entry_drain, uniq_edmund
Sewer:    kennysheep_sewer_church

Skill      XL: |  1  2  3  4  5  6  7 |
---------------+----------------------+-----
Fighting       | 3 4 |  4.0
Dodging        | 3 4 |  4.0
Armour         | 3 4 |  4.0
Maces & Flails | 3 4 |  4.4
Short Blades   | |  2.9
Throwing       | |  1.7

Action                     |  1- 3 |  4- 6 |  7- 9 || total
---------------------------+-------+-------+-------++-------
  Melee: Rapier            |   105 |    91 |       ||   196
         Tailslap          |    13 |    40 |     6 ||    59
         Unarmed           |       |    17 |       ||    17
         Dagger            |       |   121 |       ||   121
         Punch             |       |     2 |       ||     2
         Mace              |       |    30 |    53 ||    83
  Throw: Javelin           |       |     3 |       ||     3
         Boomerang         |       |     1 |       ||     1
  Evoke: Wand              |     1 |     2 |     2 ||     5
    Use: Scroll            |     1 |     4 |       ||     5
         Potion            |       |     3 |       ||     3
 Armour: Leather armour    |    22 |    18 |       ||    40
         Chain mail        |       |    89 |   113 ||   202
  Dodge: Dodged            |    69 |   131 |    61 ||   261

Table legend: (Time is in decaauts)
 A = Elapsed time spent in this place.
 B = Non-inter-level travel time spent in this place.
 C = Inter-level travel time spent in this place.
 D = Time resting spent in this place.
 E = Time spent auto-exploring this place.
 F = Levels seen in this place.
 G = Mean time per level.
                   A        B        C        D        E       F      G
               +--------+--------+--------+--------+--------+-----+--------+
         Total |   4455 |   4260 |    195 |    479 |   2906 |   6 |  742.5 |
       Dungeon |   4273 |   4078 |    195 |    479 |   2814 |   5 |  854.6 |
         Sewer |    181 |    181 |      0 |      0 |     92 |   1 |  181.0 |
               +--------+--------+--------+--------+--------+-----+--------+

Top non-repeatable levels by time:
     D:2: 1265 daAuts
     D:3: 1024 daAuts
     D:4: 964 daAuts
     D:1: 853 daAuts
   Sewer: 181 daAuts
     D:5: 165 daAuts
